Sharks vs Blue Jackets
Created - May 4, 2021 at 20:20
Goals
|
Sharks |
0 |
1 |
2 |
3 |
Blue Jackets |
0 |
1 |
0 |
1 |
|
Shots
|
Sharks |
6 |
11 |
6 |
23 |
Blue Jackets |
16 |
6 |
5 |
27 |
|
1st period
No Goal
Penalties :
Mike Cammalleri (SJS) for Cross-checking (Minor) at 7:03
2nd period
1. Sharks , PK Subban 6 (Luke Adam 17, Zach Boychuk 10) at 4:34
2. Blue Jackets , Cam Fowler 6 (Cody Hodgson 37, Dennis Wideman 3) at 4:47
Penalties :
Nick Palmieri (SJS) for High sticking (Minor) at 9:40, Andreas Nodl (Clb) for Cross-checking (Minor) at 12:00, Martin Havlat (Clb) for Interference (Minor) at 15:13
3rd period
3. Sharks , Jason Spezza 40 (PK Subban 25, Drew Doughty 61) at 5:02
4. Sharks , Boone Jenner 9 (T.J. Hensick 21, Tyler Cuma 26) at 18:21
Penalties :
Boone Jenner (SJS) for High sticking (Minor) at 1:47, PK Subban (SJS) for Hooking (Minor) at 2:24, Devin Setoguchi (Clb) for Slashing (Minor) at 2:59, Martin Havlat (Clb) for Interference (Minor) at 5:19, Phil Di Giuseppe (SJS) for Holding (Minor) at 12:33
Goalie Stats
Ryan Miller (SJS), 26 saves from 27 shots - (0.963), W, 35-23-12, 60:00 minutes
Rick DiPietro (Clb), 20 saves from 23 shots - (0.870), L, 22-28-3, 60:00 minutes
Players Stats for Sharks
Player Name G A P +/- PIM S H SB GA TA FO MP PP MP PK MP
------------------------------------------------------------------------------------
Andrej Sekera 0 0 0 1 0 1 1 1 0 0 0/0 12:00 0:35 0:00
Bobby Butler 0 0 0 1 0 1 1 1 1 0 0/1 13:06 0:10 0:00
Boone Jenner 1 0 1 1 2 1 0 0 0 1 0/0 9:45 2:47 1:19
Brayden McNabb 0 0 0 0 0 0 0 1 0 1 0/0 12:19 0:00 1:05
David Rundblad 0 0 0 0 0 0 0 0 0 0 0/0 4:00 0:00 0:00
Drew Doughty 0 1 1 1 0 2 0 1 0 0 0/0 28:12 3:49 5:12
Jason Spezza 1 0 1 0 0 2 0 0 2 0 15/26 24:18 3:35 4:31
Karl Alzner 0 0 0 1 0 2 2 2 0 0 0/0 20:34 2:43 2:44
Luke Adam 0 1 1 1 0 1 0 0 1 1 2/4 12:33 0:00 0:00
Mike Cammalleri 0 0 0 -1 2 0 6 0 0 0 0/1 20:43 3:00 1:35
Milan Michalek 0 0 0 1 0 1 1 1 0 1 1/2 18:05 0:10 1:44
Nick Palmieri 0 0 0 0 2 2 1 0 0 0 1/1 22:53 3:45 2:37
Oskar Osala 0 0 0 0 0 1 1 1 0 0 0/0 13:43 2:47 0:00
Phil Di Giuseppe 0 0 0 0 2 0 0 0 0 0 0/1 1:24 0:00 0:00
PK Subban 1 1 2 2 2 2 3 2 1 1 0/0 22:26 3:18 4:06
T.J. Hensick 0 1 1 1 0 4 3 0 0 1 9/14 17:46 2:47 0:11
Tyler Cuma 0 1 1 0 0 0 3 4 0 2 0/0 21:07 3:14 2:44
Zach Boychuk 0 1 1 1 0 3 1 0 0 0 0/2 15:06 0:00 2:33
Players Stats for Blue Jackets
Player Name G A P +/- PIM S H SB GA TA FO MP PP MP PK MP
------------------------------------------------------------------------------------
Andreas Nodl 0 0 0 0 2 1 1 0 0 0 0/0 7:54 0:00 0:00
Artemi Panarin 0 0 0 -1 0 1 1 0 0 1 1/2 20:30 4:22 2:10
Brandon Bollig 0 0 0 0 0 1 0 0 1 0 0/0 7:33 0:00 0:00
Branislav Mezei 0 0 0 -3 0 0 1 1 0 0 0/0 14:13 0:00 3:15
Cam Fowler 1 0 1 1 0 3 2 4 1 0 0/0 27:38 4:07 3:17
Christian Hanson 0 0 0 0 0 1 4 0 0 0 0/2 7:33 0:00 0:00
Cody Hodgson 0 1 1 1 0 1 0 0 0 0 6/11 17:04 2:47 1:43
Dalton Prout 0 0 0 -1 0 1 1 1 0 1 0/0 20:52 2:26 3:01
Dennis Wideman 0 1 1 1 0 2 3 2 1 0 0/0 22:17 2:26 0:14
Devin Setoguchi 0 0 0 -2 2 1 1 0 2 0 0/0 17:35 4:21 0:00
Eric Wellwood 0 0 0 -2 0 1 3 0 0 0 0/1 15:35 0:00 3:44
Martin Havlat 0 0 0 1 4 1 2 0 1 0 0/0 15:57 2:47 0:23
Max Pacioretty 0 0 0 1 0 2 2 0 1 0 0/0 15:36 2:47 0:15
Mike Lundin 0 0 0 0 0 4 1 0 0 2 0/0 19:41 4:43 0:24
Pavel Datsyuk 0 0 0 -1 0 2 0 0 1 0 5/12 15:39 0:00 3:29
Rob Scuderi 0 0 0 -2 0 0 0 0 0 0 0/0 15:19 0:36 2:53
Tyler Kennedy 0 0 0 -1 0 3 1 1 0 0 0/0 11:20 0:00 0:00
Tyler Seguin 0 0 0 -2 0 2 3 0 0 1 12/24 19:44 4:22 1:20
3 Stars
1 - PK Subban (SJS)
2 - Ryan Miller (SJS)
3 - Cam Fowler (Clb)
Power Play
Sharks - 0 on 4 Attempt(s) - 0.00%
Blue Jackets - 0 on 5 Attempt(s) - 0.00%
Penalty Kill
Sharks - 5 on 5 Attempt(s) - 100.00%
- Score 0 goal in Penalty Kill
Blue Jackets - 4 on 4 Attempt(s) - 100.00%
- Score 0 goal in Penalty Kill
Team Stat
Sharks - Hits : 23 - Faceoff Wins : 28 - Blocked Shots : 14 - Penalty Minutes : 10
Blue Jackets - Hits : 26 - Faceoff Wins : 24 - Blocked Shots : 9 - Penalty Minutes : 8
Official
Referees : Unknown
Linesman : Unknown
Game Notes
No Game Note
Finance
Level 1 -- Attendance: 4624 (77.07%) -- Ticket Income $531,760
Level 2 -- Attendance: 3881 (77.62%) -- Ticket Income $291,075
Level 3 -- Attendance: 1634 (81.70%) -- Ticket Income $73,530
Level 4 -- Attendance: 3219 (80.48%) -- Ticket Income $96,570
Luxury Box -- Attendance: 801 (80.10%) -- Ticket Income $172,215
Game was played at the Ohio State Arena.
Total Attendance: 14159 (78.66%)
Total Ticket Income: $1,165,150
Other Income: $174,772
Total Income: $1,339,922
Sharks
5 vs 5 Forward
Center Left Wing Right Wing Time % Phy DF OF
1 Jason Spezza Mike Cammalleri Nick Palmieri 40 1 1 3
2 T.J. Hensick Milan Michalek Oskar Osala 30 1 2 2
3 Luke Adam Zach Boychuk Bobby Butler 20 1 2 2
4 T.J. Hensick Milan Michalek Boone Jenner 10 1 3 1
5 vs 5 Defense
Defense Defense Time % Phy DF OF
1 Drew Doughty Tyler Cuma 40 1 1 3
2 PK Subban Karl Alzner 30 1 2 2
3 Andrej Sekera Brayden McNabb 20 1 2 2
4 David Rundblad Drew Doughty 10 1 3 1
PowerPlay Forward
Center Left Wing Right Wing Time % Phy DF OF
1 Jason Spezza Mike Cammalleri Nick Palmieri 60 1 1 3
2 T.J. Hensick Boone Jenner Oskar Osala 40 1 1 3
PowerPlay Defense
Defense Defense Time % Phy DF OF
1 Drew Doughty Tyler Cuma 60 1 1 3
2 PK Subban Karl Alzner 40 1 1 3
Penalty Kill 4 Players Forward
Center Wing Time % Phy DF OF
1 Jason Spezza Nick Palmieri 60 1 4 0
2 Mike Cammalleri Milan Michalek 40 1 4 0
Penalty Kill 4 Players Defense
Defense Defense Time % Phy DF OF
1 Drew Doughty PK Subban 60 1 4 0
2 Tyler Cuma Karl Alzner 40 1 4 0
Penalty Kill - 3 Players Forward
Forward Time % Phy DF OF
1 Jason Spezza 60 1 4 0
2 Nick Palmieri 40 1 4 0
Penalty Kill - 3 Players Defense
Defense Defense Time % Phy DF OF
1 Drew Doughty PK Subban 60 1 4 0
2 Tyler Cuma Karl Alzner 40 1 4 0
4 vs 4 Forward
Center Wing Time % Phy DF OF
1 Jason Spezza Nick Palmieri 60 1 2 2
2 Mike Cammalleri Luke Adam 40 1 2 2
4 vs 4 Defense
Defense Defense Time % Phy DF OF
1 Drew Doughty Tyler Cuma 60 1 2 2
2 PK Subban Karl Alzner 40 1 2 2
Last Minutes Offensive
Center Left Wing Right Wing Defense Defense
Jason Spezza Mike Cammalleri Nick Palmieri Drew Doughty PK Subban
Last Minutes Defensive
Center Left Wing Right Wing Defense Defense
Jason Spezza Mike Cammalleri Nick Palmieri Drew Doughty PK Subban
Goaltenders
Starting : Ryan Miller
Backup : Antti Niemi
Extra Forwards
Normal : Milan Michalek, Bobby Butler, Phil Di Giuseppe - PP : Milan Michalek, Bobby Butler - PK : Zach Boychuk
Extra Defensemen
Normal : Andrej Sekera, Brayden McNabb, David Rundblad - PP : Andrej Sekera - PK : Brayden McNabb, David Rundblad
Penalty Shots
Jason Spezza, Nick Palmieri, Mike Cammalleri, Milan Michalek, Phil Di Giuseppe
Scratches
Brandon Dubinsky (Upper Body Injury), Jiri Tlusty (Broken Ribs Injury)
Blue Jackets
5 vs 5 Forward
Center Left Wing Right Wing Time % Phy DF OF
1 Tyler Seguin Artemi Panarin Devin Setoguchi 35 1 2 2
2 Cody Hodgson Max Pacioretty Martin Havlat 35 1 2 2
3 Pavel Datsyuk Eric Wellwood Tyler Kennedy 20 1 2 2
4 Christian Hanson Brandon Bollig Andreas Nodl 10 1 2 2
5 vs 5 Defense
Defense Defense Time % Phy DF OF
1 Dennis Wideman Cam Fowler 40 1 2 2
2 Mike Lundin Dalton Prout 30 1 2 2
3 Rob Scuderi Branislav Mezei 20 1 2 2
4 Dennis Wideman Cam Fowler 10 1 2 2
PowerPlay Forward
Center Left Wing Right Wing Time % Phy DF OF
1 Tyler Seguin Artemi Panarin Devin Setoguchi 60 1 2 2
2 Cody Hodgson Max Pacioretty Martin Havlat 40 1 2 2
PowerPlay Defense
Defense Defense Time % Phy DF OF
1 Mike Lundin Cam Fowler 60 1 2 2
2 Dennis Wideman Dalton Prout 40 1 2 2
Penalty Kill 4 Players Forward
Center Wing Time % Phy DF OF
1 Pavel Datsyuk Eric Wellwood 60 1 2 2
2 Cody Hodgson Martin Havlat 40 1 2 2
Penalty Kill 4 Players Defense
Defense Defense Time % Phy DF OF
1 Rob Scuderi Cam Fowler 60 1 2 2
2 Dalton Prout Branislav Mezei 40 1 2 2
Penalty Kill - 3 Players Forward
Forward Time % Phy DF OF
1 Pavel Datsyuk 60 1 2 2
2 Cody Hodgson 40 1 2 2
Penalty Kill - 3 Players Defense
Defense Defense Time % Phy DF OF
1 Branislav Mezei Rob Scuderi 60 1 2 2
2 Dennis Wideman Dalton Prout 40 1 2 2
4 vs 4 Forward
Center Wing Time % Phy DF OF
1 Tyler Seguin Artemi Panarin 60 1 2 2
2 Max Pacioretty Cody Hodgson 40 1 2 2
4 vs 4 Defense
Defense Defense Time % Phy DF OF
1 Mike Lundin Cam Fowler 60 1 2 2
2 Dennis Wideman Dalton Prout 40 1 2 2
Last Minutes Offensive
Center Left Wing Right Wing Defense Defense
Tyler Seguin Artemi Panarin Devin Setoguchi Mike Lundin Cam Fowler
Last Minutes Defensive
Center Left Wing Right Wing Defense Defense
Tyler Seguin Artemi Panarin Devin Setoguchi Mike Lundin Cam Fowler
Goaltenders
Starting : Rick DiPietro
Backup : Andrei Vasilevskiy
Extra Forwards
Normal : Pavel Datsyuk, Tyler Kennedy, Eric Wellwood - PP : Pavel Datsyuk, Tyler Kennedy - PK : Eric Wellwood
Extra Defensemen
Normal : Rob Scuderi, Branislav Mezei, Dennis Wideman - PP : Rob Scuderi - PK : Branislav Mezei, Dennis Wideman
Penalty Shots
Tyler Seguin, Artemi Panarin, Max Pacioretty, Cody Hodgson, Devin Setoguchi
Scratches
Anthony Stewart (Healthy), Ryan Wilson (Healthy)
% Time on Ice - Sharks
Lines # - Real PCT - Wanted PCT - Time Play
Normal Forward
1 - 36% - 40% - 16:19
2 - 24% - 30% - 10:58
3 - 28% - 20% - 12:33
4 - 11% - 10% - 5:05
Normal Defense
1 - 34% - 40% - 15:04
2 - 33% - 30% - 14:37
3 - 25% - 20% - 11:14
4 - 9% - 10% - 4:00
PP Forward
1 - 57% - 60% - 3:45
2 - 43% - 40% - 2:47
PP Defense
1 - 58% - 60% - 3:49
2 - 42% - 40% - 2:43
PK Forward
1 - 85% - 60% - 5:35
2 - 15% - 40% - 0:59
PK Defense
1 - 63% - 60% - 4:07
2 - 37% - 40% - 2:27
PK3 Forward
1 - 94% - 60% - 1:17
2 - 6% - 40% - 0:05
PK3 Defense
1 - 79% - 60% - 1:05
2 - 21% - 40% - 0:17
44 Forward
1 - 32% - 60% - 0:12
2 - 68% - 40% - 0:25
44 Defense
1 - 19% - 60% - 0:07
2 - 81% - 40% - 0:30
Last Minute Offensive - 0:00
Last Minute Defensive - 0:00
Total
Forward - 60:00
Defense - 60:00
|
% Time on Ice - Blue Jackets
Lines # - Real PCT - Wanted PCT - Time Play
Normal Forward
1 - 31% - 35% - 14:04
2 - 27% - 35% - 12:21
3 - 24% - 20% - 10:57
4 - 17% - 10% - 7:33
Normal Defense
1 - 40% - 40% - 17:48
2 - 33% - 30% - 14:58
3 - 23% - 20% - 10:17
4 - 4% - 10% - 1:52
PP Forward
1 - 61% - 60% - 4:22
2 - 39% - 40% - 2:47
PP Defense
1 - 66% - 60% - 4:43
2 - 34% - 40% - 2:26
PK Forward
1 - 74% - 60% - 4:49
2 - 26% - 40% - 1:43
PK Defense
1 - 54% - 60% - 3:31
2 - 46% - 40% - 3:01
PK3 Forward
1 - 0% - 60%
2 - 0% - 40%
PK3 Defense
1 - 0% - 60%
2 - 0% - 40%
44 Forward
1 - 85% - 60% - 1:11
2 - 15% - 40% - 0:13
44 Defense
1 - 68% - 60% - 0:57
2 - 32% - 40% - 0:27
Last Minute Offensive - 0:00
Last Minute Defensive - 0:00
Total
Forward - 60:00
Defense - 60:00
|
Play-by-Play
1st period
0:01 of 1st period - Jason Spezza wins face-off versus Tyler Seguin in neutral zone.
0:10 of 1st period - Slapshot by Tyler Seguin.
0:10 of 1st period - Shot Blocked by Tyler Cuma.
0:12 of 1st period - Slapshot by Dennis Wideman.
0:12 of 1st period - Shot Blocked by Tyler Cuma.
0:28 of 1st period - Max Pacioretty is hit by T.J. Hensick and loses puck.
0:51 of 1st period - Snap shot by Pavel Datsyuk.
0:51 of 1st period - Stopped by Ryan Miller without a rebound.
0:52 of 1st period - Luke Adam wins face-off versus Pavel Datsyuk in Sharks zone.
0:52 of 1st period - Luke Adam is hit by Tyler Kennedy.
1:13 of 1st period - Snap shot by Bobby Butler.
1:13 of 1st period - Deflect By Zach Boychuk.
1:13 of 1st period - Stopped by Rick DiPietro with a rebound.
1:15 of 1st period - Snap shot by Bobby Butler.
1:15 of 1st period - Stopped by Rick DiPietro with a rebound.
1:19 of 1st period - Backhand shot by Luke Adam.
1:19 of 1st period - Stopped by Rick DiPietro without a rebound.
1:20 of 1st period - Jason Spezza wins face-off versus Tyler Seguin in Blue Jackets zone.
1:35 of 1st period - Snap shot by Nick Palmieri.
1:35 of 1st period - Shot Blocked by Branislav Mezei.
1:45 of 1st period - Brayden McNabb is hit by Christian Hanson and loses puck.
3:02 of 1st period - Tyler Cuma is hit by Christian Hanson and loses puck.
3:13 of 1st period - Snap shot by Andreas Nodl.
3:13 of 1st period - Shot Blocked by Drew Doughty.
4:01 of 1st period - Slapshot by Cody Hodgson.
4:01 of 1st period - Deflect By Andrej Sekera.
4:01 of 1st period - Shot Blocked by Brayden McNabb.
4:01 of 1st period - Puck is out of play.
4:02 of 1st period - T.J. Hensick wins face-off versus Cody Hodgson in Sharks zone.
4:11 of 1st period - Snap shot by Milan Michalek.
4:11 of 1st period - Shot Blocked by Cam Fowler.
4:13 of 1st period - Slapshot by Drew Doughty.
4:13 of 1st period - Stopped by Rick DiPietro without a rebound.
4:14 of 1st period - Tyler Seguin wins face-off versus Jason Spezza in Blue Jackets zone.
4:52 of 1st period - Slapshot by Drew Doughty.
4:52 of 1st period - Stopped by Rick DiPietro without a rebound.
4:53 of 1st period - Tyler Seguin wins face-off versus T.J. Hensick in Blue Jackets zone.
4:58 of 1st period - PK Subban is hit by Tyler Seguin and loses puck.
5:18 of 1st period - Cam Fowler is hit by Karl Alzner.
5:34 of 1st period - Cam Fowler is hit by Mike Cammalleri.
6:37 of 1st period - Snap shot by Tyler Seguin.
6:37 of 1st period - Shot Blocked by Andrej Sekera.
7:01 of 1st period - Wrist shot by Brandon Bollig.
7:01 of 1st period - Stopped by Ryan Miller with a rebound.
7:03 of 1st period - Minor Penalty to Mike Cammalleri for Cross-checking.
7:04 of 1st period - Jason Spezza wins face-off versus Tyler Seguin in Sharks zone.
7:17 of 1st period - Wrist shot by Devin Setoguchi.
7:17 of 1st period - Shot Blocked by PK Subban.
7:19 of 1st period - Snap shot by Tyler Seguin.
7:19 of 1st period - Shot Misses the Net.
7:21 of 1st period - Slapshot by Mike Lundin.
7:21 of 1st period - Stopped by Ryan Miller with a rebound.
7:35 of 1st period - Wrist shot by Max Pacioretty.
7:35 of 1st period - Shot Misses the Net.
7:37 of 1st period - Wrist shot by Martin Havlat.
7:37 of 1st period - Shot Blocked by Milan Michalek.
7:39 of 1st period - Snap shot by Martin Havlat.
7:39 of 1st period - Stopped by Ryan Miller without a rebound.
7:40 of 1st period - Tyler Seguin wins face-off versus Zach Boychuk in Sharks zone.
7:47 of 1st period - Snap shot by Devin Setoguchi.
7:47 of 1st period - Shot Misses the Net.
7:49 of 1st period - Slapshot by Cam Fowler.
7:49 of 1st period - Stopped by Ryan Miller with a rebound.
7:51 of 1st period - Wrist shot by Tyler Seguin.
7:51 of 1st period - Stopped by Ryan Miller without a rebound.
7:52 of 1st period - Jason Spezza wins face-off versus Tyler Seguin in Sharks zone.
9:03 of 1st period - Penalty to Mike Cammalleri is over, Mike Cammalleri is back on ice.
9:46 of 1st period - T.J. Hensick is hit by Christian Hanson and loses puck.
10:05 of 1st period - Cody Hodgson is hit by Mike Cammalleri and loses puck.
10:21 of 1st period - Karl Alzner is hit by Eric Wellwood and loses puck.
10:32 of 1st period - Cam Fowler is hit by Karl Alzner and loses puck.
10:46 of 1st period - Off-side.
10:47 of 1st period - T.J. Hensick wins face-off versus Christian Hanson in neutral zone.
11:13 of 1st period - Dennis Wideman is hit by Andrej Sekera and loses puck.
11:42 of 1st period - Snap shot by Tyler Kennedy.
11:42 of 1st period - Stopped by Ryan Miller without a rebound.
11:43 of 1st period - T.J. Hensick wins face-off versus Pavel Datsyuk in Sharks zone.
12:16 of 1st period - Icing by Mike Lundin.
12:17 of 1st period - Pavel Datsyuk wins face-off versus Jason Spezza in Blue Jackets zone.
12:26 of 1st period - Slapshot by Mike Lundin.
12:26 of 1st period - Shot Misses the Net.
12:28 of 1st period - Slapshot by Mike Lundin.
12:28 of 1st period - Stopped by Ryan Miller with a rebound.
12:30 of 1st period - Slapshot by Tyler Kennedy.
12:30 of 1st period - Shot Misses the Net.
12:32 of 1st period - Slapshot by Dalton Prout.
12:32 of 1st period - Deflect By Pavel Datsyuk.
12:32 of 1st period - Stopped by Ryan Miller with a rebound.
12:34 of 1st period - Slapshot by Mike Lundin.
12:34 of 1st period - Stopped by Ryan Miller with a rebound.
12:36 of 1st period - Wrist shot by Tyler Kennedy.
12:36 of 1st period - Stopped by Ryan Miller without a rebound.
12:37 of 1st period - Tyler Seguin wins face-off versus Luke Adam in Sharks zone.
12:40 of 1st period - Slapshot by Artemi Panarin.
12:40 of 1st period - Shot Misses the Net.
13:10 of 1st period - Dennis Wideman is hit by T.J. Hensick and loses puck.
14:30 of 1st period - Bobby Butler is hit by Eric Wellwood and loses puck.
15:52 of 1st period - Drew Doughty is hit by Cam Fowler.
15:58 of 1st period - Wrist shot by Eric Wellwood.
15:58 of 1st period - Stopped by Ryan Miller without a rebound.
15:59 of 1st period - Jason Spezza wins face-off versus Tyler Seguin in Sharks zone.
16:09 of 1st period - Wrist shot by Artemi Panarin.
16:09 of 1st period - Stopped by Ryan Miller without a rebound.
16:10 of 1st period - T.J. Hensick wins face-off versus Tyler Seguin in Sharks zone.
16:10 of 1st period - T.J. Hensick is hit by Cam Fowler.
16:16 of 1st period - Artemi Panarin is hit by Oskar Osala and loses puck.
16:40 of 1st period - Wrist shot by Martin Havlat.
16:40 of 1st period - Shot Blocked by Karl Alzner.
16:42 of 1st period - Wrist shot by Max Pacioretty.
16:42 of 1st period - Deflect By PK Subban.
16:42 of 1st period - Stopped by Ryan Miller without a rebound.
16:43 of 1st period - Jason Spezza wins face-off versus Cody Hodgson in Sharks zone.
16:50 of 1st period - Max Pacioretty is hit by Nick Palmieri.
17:13 of 1st period - Slapshot by Drew Doughty.
17:13 of 1st period - Deflect By Milan Michalek.
17:13 of 1st period - Stopped by Rick DiPietro with a rebound.
17:35 of 1st period - Rob Scuderi is hit by Zach Boychuk and loses puck.
17:49 of 1st period - Branislav Mezei is hit by PK Subban.
17:55 of 1st period - Brandon Bollig is hit by Mike Cammalleri and loses puck.
18:20 of 1st period - Snap shot by Max Pacioretty.
18:20 of 1st period - Stopped by Ryan Miller without a rebound.
18:21 of 1st period - Tyler Seguin wins face-off versus Bobby Butler in Sharks zone.
18:28 of 1st period - Snap shot by Tyler Seguin.
18:28 of 1st period - Stopped by Ryan Miller with a rebound.
18:55 of 1st period - Snap shot by Nick Palmieri.
18:55 of 1st period - Shot Misses the Net.
19:01 of 1st period - Jason Spezza is hit by Max Pacioretty and loses puck.
Goals for this period are 0 for Sharks vs 0 for Blue Jackets.
Shots for this period are 6 for Sharks vs 16 for Blue Jackets.
2nd period
0:01 of 2nd period - Cody Hodgson wins face-off versus Jason Spezza in neutral zone.
0:26 of 2nd period - Tyler Seguin is hit by Tyler Cuma.
0:59 of 2nd period - Wrist shot by T.J. Hensick.
0:59 of 2nd period - Shot Misses the Net.
1:01 of 2nd period - Snap shot by Drew Doughty.
1:01 of 2nd period - Deflect By Oskar Osala.
1:01 of 2nd period - Shot Misses the Net.
1:01 of 2nd period - Puck is out of play.
1:02 of 2nd period - Jason Spezza wins face-off versus Cody Hodgson in Blue Jackets zone.
1:17 of 2nd period - Snap shot by Jason Spezza.
1:17 of 2nd period - Stopped by Rick DiPietro with a rebound.
1:27 of 2nd period - T.J. Hensick is hit by Dennis Wideman.
1:49 of 2nd period - Wrist shot by Tyler Kennedy.
1:49 of 2nd period - Stopped by Ryan Miller with a rebound.
1:53 of 2nd period - Wrist shot by Eric Wellwood.
1:53 of 2nd period - Shot Blocked by Karl Alzner.
1:59 of 2nd period - Snap shot by Pavel Datsyuk.
1:59 of 2nd period - Shot Misses the Net.
3:47 of 2nd period - Off-side.
3:48 of 2nd period - Cody Hodgson wins face-off versus T.J. Hensick in neutral zone.
4:06 of 2nd period - Dennis Wideman is hit by Tyler Cuma.
4:24 of 2nd period - Icing by Rob Scuderi.
4:25 of 2nd period - Pavel Datsyuk wins face-off versus Zach Boychuk in Blue Jackets zone.
4:32 of 2nd period - Slapshot by Luke Adam.
4:32 of 2nd period - Shot Blocked by Tyler Kennedy.
4:34 of 2nd period - Slapshot by PK Subban.
4:34 of 2nd period - Goal by PK Subban - Sharks : 1 - Blue Jackets : 0.
4:35 of 2nd period - Cody Hodgson wins face-off versus Jason Spezza in neutral zone.
4:38 of 2nd period - Nick Palmieri is hit by Max Pacioretty and loses puck.
4:43 of 2nd period - Slapshot by Cody Hodgson.
4:43 of 2nd period - Stopped by Ryan Miller with a rebound.
4:45 of 2nd period - Snap shot by Cam Fowler.
4:45 of 2nd period - Shot Blocked by Tyler Cuma.
4:47 of 2nd period - Slapshot by Cam Fowler.
4:47 of 2nd period - Goal by Cam Fowler - Sharks : 1 - Blue Jackets : 1.
4:48 of 2nd period - Jason Spezza wins face-off versus Cody Hodgson in neutral zone.
5:15 of 2nd period - Drew Doughty is hit by Devin Setoguchi and loses puck.
5:32 of 2nd period - Slapshot by Dennis Wideman.
5:32 of 2nd period - Deflect By Luke Adam.
5:32 of 2nd period - Stopped by Ryan Miller without a rebound.
5:33 of 2nd period - Luke Adam wins face-off versus Pavel Datsyuk in Sharks zone.
6:00 of 2nd period - Backhand shot by Zach Boychuk.
6:00 of 2nd period - Stopped by Rick DiPietro without a rebound.
6:01 of 2nd period - Jason Spezza wins face-off versus Cody Hodgson in Blue Jackets zone.
6:21 of 2nd period - Cam Fowler is hit by Mike Cammalleri.
6:25 of 2nd period - PK Subban is hit by Martin Havlat and loses puck.
6:32 of 2nd period - Snap shot by Nick Palmieri.
6:32 of 2nd period - Shot Blocked by Dennis Wideman.
6:34 of 2nd period - Slapshot by Mike Cammalleri.
6:34 of 2nd period - Shot Blocked by Cam Fowler.
6:36 of 2nd period - Slapshot by PK Subban.
6:36 of 2nd period - Shot Blocked by Cam Fowler.
6:38 of 2nd period - Snap shot by Karl Alzner.
6:38 of 2nd period - Stopped by Rick DiPietro with a rebound.
6:40 of 2nd period - Slapshot by PK Subban.
6:40 of 2nd period - Stopped by Rick DiPietro without a rebound.
6:41 of 2nd period - T.J. Hensick wins face-off versus Tyler Seguin in Blue Jackets zone.
6:46 of 2nd period - Slapshot by Drew Doughty.
6:46 of 2nd period - Deflect By T.J. Hensick.
6:46 of 2nd period - Stopped by Rick DiPietro without a rebound.
6:47 of 2nd period - T.J. Hensick wins face-off versus Tyler Seguin in Blue Jackets zone.
6:52 of 2nd period - Snap shot by Milan Michalek.
6:52 of 2nd period - Shot Blocked by Dalton Prout.
6:54 of 2nd period - Slapshot by T.J. Hensick.
6:54 of 2nd period - Stopped by Rick DiPietro without a rebound.
6:55 of 2nd period - Tyler Seguin wins face-off versus T.J. Hensick in Blue Jackets zone.
6:55 of 2nd period - Tyler Seguin is hit by Tyler Cuma.
7:44 of 2nd period - Snap shot by Zach Boychuk.
7:44 of 2nd period - Shot Misses the Net.
7:46 of 2nd period - Slapshot by Karl Alzner.
7:46 of 2nd period - Stopped by Rick DiPietro without a rebound.
7:47 of 2nd period - T.J. Hensick wins face-off versus Pavel Datsyuk in Blue Jackets zone.
8:14 of 2nd period - Wrist shot by Nick Palmieri.
8:14 of 2nd period - Stopped by Rick DiPietro without a rebound.
8:15 of 2nd period - Tyler Seguin wins face-off versus Jason Spezza in Blue Jackets zone.
8:20 of 2nd period - Mike Cammalleri is hit by Branislav Mezei and loses puck.
8:38 of 2nd period - Icing by Branislav Mezei.
8:39 of 2nd period - Tyler Seguin wins face-off versus Milan Michalek in Blue Jackets zone.
8:39 of 2nd period - Tyler Seguin is hit by T.J. Hensick.
8:51 of 2nd period - Backhand shot by Milan Michalek.
8:51 of 2nd period - Shot Misses the Net.
9:25 of 2nd period - Slapshot by Andrej Sekera.
9:25 of 2nd period - Stopped by Rick DiPietro with a rebound.
9:40 of 2nd period - Minor Penalty to Nick Palmieri for High sticking.
9:41 of 2nd period - Tyler Seguin wins face-off versus Jason Spezza in Sharks zone.
10:11 of 2nd period - Mike Cammalleri is hit by Martin Havlat and loses puck.
10:35 of 2nd period - Tyler Cuma is hit by Tyler Seguin and loses puck.
11:06 of 2nd period - Tyler Seguin is hit by Milan Michalek and loses puck.
11:40 of 2nd period - Penalty to Nick Palmieri is over, Nick Palmieri is back on ice.
12:00 of 2nd period - Minor Penalty to Andreas Nodl for Cross-checking.
12:01 of 2nd period - Pavel Datsyuk wins face-off versus Jason Spezza in Blue Jackets zone.
12:01 of 2nd period - Pavel Datsyuk is hit by Mike Cammalleri.
12:11 of 2nd period - Snap shot by Nick Palmieri.
12:11 of 2nd period - Stopped by Rick DiPietro with a rebound.
14:00 of 2nd period - Penalty to Andreas Nodl is over, Andreas Nodl is back on ice.
14:12 of 2nd period - Luke Adam is hit by Andreas Nodl and loses puck.
14:31 of 2nd period - Snap shot by Eric Wellwood.
14:31 of 2nd period - Shot Blocked by PK Subban.
15:00 of 2nd period - Icing by Andrej Sekera.
15:01 of 2nd period - Cody Hodgson wins face-off versus Phil Di Giuseppe in Sharks zone.
15:02 of 2nd period - Snap shot by Max Pacioretty.
15:02 of 2nd period - Deflect By Cody Hodgson.
15:02 of 2nd period - Shot Misses the Net.
15:02 of 2nd period - Puck is out of play.
15:03 of 2nd period - Cody Hodgson wins face-off versus Jason Spezza in Sharks zone.
15:04 of 2nd period - Slapshot by Max Pacioretty.
15:04 of 2nd period - Shot Misses the Net.
15:13 of 2nd period - Minor Penalty to Martin Havlat for Interference.
15:14 of 2nd period - Pavel Datsyuk wins face-off versus Jason Spezza in Blue Jackets zone.
15:30 of 2nd period - Slapshot by Drew Doughty.
15:30 of 2nd period - Shot Misses the Net.
17:13 of 2nd period - Penalty to Martin Havlat is over, Martin Havlat is back on ice.
17:25 of 2nd period - Slapshot by Andreas Nodl.
17:25 of 2nd period - Shot Blocked by Tyler Cuma.
17:27 of 2nd period - Slapshot by Cam Fowler.
17:27 of 2nd period - Stopped by Ryan Miller with a rebound.
17:29 of 2nd period - Snap shot by Christian Hanson.
17:29 of 2nd period - Stopped by Ryan Miller with a rebound.
18:44 of 2nd period - Wrist shot by Brandon Bollig.
18:44 of 2nd period - Shot Blocked by Oskar Osala.
19:16 of 2nd period - Boone Jenner is hit by Artemi Panarin and loses puck.
19:33 of 2nd period - Bobby Butler is hit by Dennis Wideman and loses puck.
19:56 of 2nd period - Slapshot by Max Pacioretty.
19:56 of 2nd period - Shot Misses the Net.
Goals for this period are 1 for Sharks vs 1 for Blue Jackets.
Shots for this period are 11 for Sharks vs 6 for Blue Jackets.
3rd period
0:01 of 3rd period - Jason Spezza wins face-off versus Tyler Seguin in neutral zone.
0:08 of 3rd period - Slapshot by Tyler Cuma.
0:08 of 3rd period - Shot Blocked by Cam Fowler.
1:14 of 3rd period - Slapshot by Mike Lundin.
1:14 of 3rd period - Deflect By Mike Cammalleri.
1:14 of 3rd period - Stopped by Ryan Miller with a rebound.
1:39 of 3rd period - Wrist shot by T.J. Hensick.
1:39 of 3rd period - Stopped by Rick DiPietro with a rebound.
1:47 of 3rd period - Minor Penalty to Boone Jenner for High sticking.
1:48 of 3rd period - Jason Spezza wins face-off versus Artemi Panarin in Sharks zone.
2:24 of 3rd period - Minor Penalty to PK Subban for Hooking.
2:25 of 3rd period - Artemi Panarin wins face-off versus Jason Spezza in Sharks zone.
2:31 of 3rd period - Snap shot by Devin Setoguchi.
2:31 of 3rd period - Stopped by Ryan Miller without a rebound.
2:32 of 3rd period - Jason Spezza wins face-off versus Tyler Seguin in Sharks zone.
2:59 of 3rd period - Minor Penalty to Devin Setoguchi for Slashing.
3:00 of 3rd period - Tyler Seguin wins face-off versus Jason Spezza in Blue Jackets zone.
3:47 of 3rd period - Penalty to Boone Jenner is over, Boone Jenner is back on ice.
4:04 of 3rd period - Boone Jenner is hit by Dennis Wideman and loses puck.
4:24 of 3rd period - Penalty to PK Subban is over, PK Subban is back on ice.
4:44 of 3rd period - Wrist shot by PK Subban.
4:44 of 3rd period - Shot Misses the Net.
4:59 of 3rd period - Penalty to Devin Setoguchi is over, Devin Setoguchi is back on ice.
5:00 of 3rd period - Wrist shot by PK Subban.
5:00 of 3rd period - Shot Misses the Net.
5:02 of 3rd period - Snap shot by Jason Spezza.
5:02 of 3rd period - Goal by Jason Spezza - Sharks : 2 - Blue Jackets : 1.
5:03 of 3rd period - Cody Hodgson wins face-off versus T.J. Hensick in neutral zone.
5:19 of 3rd period - Minor Penalty to Martin Havlat for Interference.
5:20 of 3rd period - T.J. Hensick wins face-off versus Pavel Datsyuk in Blue Jackets zone.
5:22 of 3rd period - Slapshot by Drew Doughty.
5:22 of 3rd period - Deflect By T.J. Hensick.
5:22 of 3rd period - Stopped by Rick DiPietro without a rebound.
5:23 of 3rd period - T.J. Hensick wins face-off versus Pavel Datsyuk in Blue Jackets zone.
5:38 of 3rd period - Snap shot by Oskar Osala.
5:38 of 3rd period - Stopped by Rick DiPietro without a rebound.
5:39 of 3rd period - Jason Spezza wins face-off versus Eric Wellwood in Blue Jackets zone.
7:19 of 3rd period - Penalty to Martin Havlat is over, Martin Havlat is back on ice.
7:29 of 3rd period - Rob Scuderi is hit by PK Subban and loses puck.
7:36 of 3rd period - Mike Lundin is hit by PK Subban.
7:55 of 3rd period - T.J. Hensick is hit by Mike Lundin.
10:22 of 3rd period - Nick Palmieri is hit by Christian Hanson and loses puck.
10:35 of 3rd period - Brayden McNabb is hit by Tyler Seguin.
11:35 of 3rd period - Wrist shot by Andreas Nodl.
11:35 of 3rd period - Stopped by Ryan Miller with a rebound.
12:33 of 3rd period - Minor Penalty to Phil Di Giuseppe for Holding.
12:34 of 3rd period - Jason Spezza wins face-off versus Tyler Seguin in Sharks zone.
14:33 of 3rd period - Penalty to Phil Di Giuseppe is over, Phil Di Giuseppe is back on ice.
14:43 of 3rd period - Andrej Sekera is hit by Eric Wellwood and loses puck.
15:03 of 3rd period - Pavel Datsyuk is hit by Bobby Butler and loses puck.
15:18 of 3rd period - Snap shot by Dalton Prout.
15:18 of 3rd period - Stopped by Ryan Miller with a rebound.
15:20 of 3rd period - Snap shot by Dennis Wideman.
15:20 of 3rd period - Stopped by Ryan Miller without a rebound.
15:21 of 3rd period - Milan Michalek wins face-off versus Christian Hanson in Sharks zone.
15:26 of 3rd period - Wrist shot by T.J. Hensick.
15:26 of 3rd period - Shot Misses the Net.
15:56 of 3rd period - Slapshot by Karl Alzner.
15:56 of 3rd period - Deflect By Zach Boychuk.
15:56 of 3rd period - Stopped by Rick DiPietro without a rebound.
15:57 of 3rd period - Tyler Seguin wins face-off versus Luke Adam in Blue Jackets zone.
17:43 of 3rd period - Snap shot by Eric Wellwood.
17:43 of 3rd period - Deflect By Tyler Kennedy.
17:43 of 3rd period - Shot Misses the Net.
17:43 of 3rd period - Puck is out of play.
17:44 of 3rd period - Jason Spezza wins face-off versus Pavel Datsyuk in Sharks zone.
18:19 of 3rd period - Slapshot by Boone Jenner.
18:19 of 3rd period - Shot Misses the Net.
18:21 of 3rd period - Snap shot by Boone Jenner.
18:21 of 3rd period - Goal by Boone Jenner - Sharks : 3 - Blue Jackets : 1.
18:22 of 3rd period - Pavel Datsyuk wins face-off versus T.J. Hensick in neutral zone.
18:56 of 3rd period - Eric Wellwood is hit by Mike Cammalleri.
19:00 of 3rd period - Mike Cammalleri is hit by Dalton Prout and loses puck.
19:25 of 3rd period - Slapshot by Artemi Panarin.
19:25 of 3rd period - Deflect By Devin Setoguchi.
19:25 of 3rd period - Shot Blocked by Bobby Butler.
19:25 of 3rd period - Puck is out of play.
19:26 of 3rd period - Tyler Seguin wins face-off versus Mike Cammalleri in Sharks zone.
19:44 of 3rd period - Icing by Tyler Seguin.
19:45 of 3rd period - Nick Palmieri wins face-off versus Tyler Seguin in Blue Jackets zone.
19:46 of 3rd period - Snap shot by Drew Doughty.
19:46 of 3rd period - Shot Blocked by Dennis Wideman.
Goals for this period are 2 for Sharks vs 0 for Blue Jackets.
Shots for this period are 6 for Sharks vs 5 for Blue Jackets.
Output by the SimonT Hockey Simulator (STHS) for Francois Prevost